 Dungeon Crawl Stone Soup version 0.21-a0-286-g6fcecc0 (webtiles) character file.

809 tidbits the Grave Robber (level 7, -1/56 HPs)
             Began as a Yellow Draconian Necromancer on Sept 27, 2017.
             Was a Follower of Cheibriados.
             Slain by a centaur
             ... wielding a +0 hand axe
              (2 damage)
             ... on level 6 of the Dungeon.
             The game lasted 00:16:42 (2077 turns).

tidbits the Grave Robber (DrNe)                     Turns: 2077, Time: 00:16:43

Health: -1/56      AC:  6    Str: 12    XL:     7   Next: 61%
Magic:  2/13       EV: 13    Int: 19    God:    Cheibriados [*.....]
Gold:   208        SH:  0    Dex: 12    Spells: 6/14 levels left

rFire    . . .     SeeInvis .   k - +2 trident (pierce)
rCold    . . .     Gourm    .   (no shield)
rNeg     . . .     Faith    .   (armour unavailable)
rPois    .         Spirit   .   (helmet restricted)
rElec    .         Reflect  .   (no cloak)
rCorr    +         Harm     .   (no gloves)
MR       .....                  (no boots)
Stlth    ++........             (no amulet)
HPRegen  0.18/turn              l - -2 ring of dexterity (curse)
MPRegen  0.13/turn              (no ring)

@: short of breath, very slow
A: spit acid, acid resistance, unfitting armour, cold-blooded, AC +6
a: Breathe Acid, Bend Time, Renounce Religion


You were on level 6 of the Dungeon.
You worshipped Cheibriados.
Cheibriados was aware of your devotion.
You were not hungry.

You visited 1 branch of the dungeon, and saw 7 of its levels.

You collected 208 gold pieces.

Inventory:

Hand Weapons
 d - a +0 dagger
 k - a +2 trident of piercing (weapon)
   (You took it off an orc on level 3 of the Dungeon)
 o - a +0 short sword
 q - a +0 club
 s - a +1 hunting sling
 z - a +0 falchion
Missiles
 e - 73 arrows
 n - 27 sling bullets
 r - 101 stones (quivered)
 A - 5 tomahawks of returning
Jewellery
 l - a cursed -2 ring of dexterity (left hand)
   (You found it on level 2 of the Dungeon)
 x - an uncursed ring of ice
   (You found it on level 4 of the Dungeon)
Scrolls
 c - a scroll of recharging
 g - a scroll of teleportation {unknown}
 i - a scroll of random uselessness {unknown}
 m - 2 scrolls of enchant weapon
 y - a scroll of amnesia
 C - a scroll of immolation {unknown}
Potions
 j - 3 potions of might
 p - a potion of ambrosia {unknown}
 t - a potion of magic {unknown}
 u - a potion of heal wounds {unknown}
 v - 2 potions of cancellation
 w - a potion of haste {unknown}
 B - a potion of flight {unknown}
 E - a potion of resistance {unknown}
Books
 a - a book of Necromancy

   Spells                             Type                      Level
   a - Pain                           Necromancy                   1
   b - Animate Skeleton               Necromancy                   1
   c - Vampiric Draining              Necromancy                   3
   d - Regeneration                   Charms/Necromancy            3
   e - Animate Dead                   Necromancy                   4
   f - Control Undead                 Necromancy                   4
Comestibles
 b - 3 bread rations
 h - 2 fruits
 D - 6 chunks of flesh


   Skills:
 + Level 2.9 Fighting
 + Level 3.1 Dodging
 - Level 1.7 Stealth
 - Level 4.3 Spellcasting
 - Level 7.3 Necromancy


You had 6 spell levels left.
You knew the following spells:

 Your Spells              Type           Power        Failure   Level  Hunger
a - Pain                  Necr           ####         1%          1    None
n - Animate Skeleton      Necr           N/A          1%          1    None
r - Regeneration          Chrm/Necr      ###.......   9%          3    ###....
v - Vampiric Draining     Necr           ####......   1%          3    ###....


Dungeon Overview and Level Annotations

Branches:
Dungeon (7/15)
 Temple: D:4-7

Altars:
Ashenzari
Cheibriados
Dithmenos
Elyvilon
Okawaru
Ru
Xom
Zin
The Shining One


Innate Abilities, Weirdness & Mutations

You can spit globs of acid.
You are resistant to acid.
Your golden yellow scales are hard. (AC +6)
You cannot fit into any form of body armour.
You are cold-blooded and may be slowed by cold attacks.


Message History

You reach to attack!
You closely miss the vampire bat. The vampire bat bites you.
The vampire bat draws strength from your injuries!
Attack whom?
Press: ? - help, Dir - move target cursor, f/p - vampire bat
Aim: a vampire bat You reach to attack!
You hit the vampire bat.
The vampire bat is moderately damaged.
The vampire bat bites you.
The vampire bat draws strength from your injuries!
The vampire bat bites you.
The vampire bat draws strength from your injuries!
The gnoll hits you from afar with a spear.
A centaur comes into view. It is wielding a hand axe.
You hit the vampire bat.
The vampire bat is almost destroyed.
The vampire bat bites you.
The vampire bat draws strength from your injuries!
The vampire bat closely misses you. The gnoll hits you but does no damage.
The vampire bat barely misses you.
You puncture the vampire bat!
You destroy the vampire bat!
Cheibriados thoroughly appreciates the change of pace.
The gnoll closely misses you.
Attack whom?
Press: ? - help, Dir - move target cursor, f - gnoll
Aim: a gnoll, wielding a spear You reach to attack!
You completely miss the gnoll. The gnoll completely misses you.
The gnoll hits you but does no damage. The gnoll hits you with a spear!
* * * LOW HITPOINT WARNING * * *
Casting: Regeneration
Confirm with . or Enter, or press ? or * to list all spells.
Aiming: Pain
Press: ? - help, Shift-Dir - straight line, f/p - gnoll
Aim: a gnoll, wielding a spear (chance to defeat MR: 89%)
The gnoll writhes in agony!
The gnoll hits you with a spear.
* * * LOW HITPOINT WARNING * * *
Casting: Pain
Confirm with . or Enter, or press ? or * to list all spells.
Aiming: Pain
Press: ? - help, Shift-Dir - straight line, f/p - gnoll
Aim: a gnoll, wielding a spear (moderately wounded, chance to defeat MR: 89%)
The gnoll writhes in agony!
The gnoll hits you with a spear!
* * * LOW HITPOINT WARNING * * *
Casting: Pain
Confirm with . or Enter, or press ? or * to list all spells.
Aiming: Pain
Press: ? - help, Shift-Dir - straight line, f/p - gnoll
Aim: a gnoll, wielding a spear (almost dead, chance to defeat MR: 89%)
The gnoll writhes in agony!
You kill the gnoll!
Cheibriados appreciates the change of pace.
Your Dodging skill increases to level 3!
The jackal bites you but does no damage.
You feel better.
The jackal bites you but does no damage.
You barely miss the jackal. The jackal closely misses you. x2
You closely miss the jackal. The jackal misses you.
The jackal barely misses you.
You hit the jackal but do no damage. The jackal closely misses you. x2
A water moccasin skeleton comes into view.
The jackal bites you but does no damage.
You hit the jackal.
You kill the jackal!
Cheibriados thoroughly appreciates the change of pace.
The vampire bat bites you but does no damage.
You hit the vampire bat.
The vampire bat is severely damaged.
The vampire bat closely misses you. x2
The vampire bat bites you but does no damage.
Okay, then.
You barely miss the vampire bat.
The vampire bat is severely damaged.
The vampire bat closely misses you.
The vampire bat bites you but does no damage.
The vampire bat closely misses you.
You puncture the vampire bat!
You destroy the vampire bat!
Cheibriados thoroughly appreciates the change of pace.
The centaur unwields an uncursed hand axe.
The centaur wields a shortbow.
The centaur shoots an arrow.
The arrow hits you!
* * * LOW HITPOINT WARNING * * *
Press: ? - help, Shift-Dir - straight line, f - centaur
Aim: a centaur, wielding a shortbow You spit a glob of acid.
The glob of acid misses the centaur.
You feel somewhat more hungry.
The centaur unwields an uncursed shortbow.
The centaur wields an uncursed hand axe.
The centaur closely misses you.
Okay, then.
Okay, then.
Casting: Pain
Confirm with . or Enter, or press ? or * to list all spells.
Aiming: Pain
Press: ? - help, Shift-Dir - straight line, f/p - centaur
Aim: a centaur, wielding a hand axe (chance to defeat MR: 84%)
The centaur barely resists.
The centaur hits you with an uncursed hand axe.
You die...

#.#.# ....'..
###)#.###....#
#.....#......#.#
#...............
#.....#.#...##.#
#.....#)#...#
#.....#.#..bh.
#.....#c#.......
.....(?
#.....#@###....#
....#. #.....#.#
###.. ....!
#.......# ..
..#. #....####
#... ###### #.s.
..###..b
...o§5.>
......## ......


You could see a centaur.

Vanquished Creatures
  An ice beast (D:7)
  An orc warrior (D:6)
  A phantom (D:5)
  An ogre (D:5)
  A scorpion (D:5)
  2 vampire bats (D:6)
  2 centaur zombies (D:6)
  A hound (D:5)
  A centaur skeleton (D:4)
  An orc priest (D:7)
  An orc wizard (D:3)
  2 worker ants
  3 adders
  3 gnolls (D:6)
  2 shadow imps
  An ooze (D:1)
  An adder skeleton (D:6)
  A leopard gecko (D:3)
  8 orcs
  A ball python (D:1)
  5 bats
  3 giant cockroaches
  4 goblins
  A hobgoblin (D:1)
  4 jackals
  2 kobolds (D:3)
  2 frilled lizards (D:1)
  A jackal skeleton (D:4)
  A leopard gecko skeleton (D:5)
  A quokka skeleton (D:4)
  2 rats
61 creatures vanquished.

Notes
Turn   | Place    | Note
-------+----------+-------------------------------------------
     0 | D:1      | tidbits the Draconian Necromancer began the quest for the Orb.
     0 | D:1      | Reached XP level 1. HP: 14/14 MP: 3/3
   296 | D:1      | Reached XP level 2. HP: 8/20 MP: 0/5
   676 | D:3      | Found a sacrificial altar of Ru.
   761 | D:3      | Reached XP level 3. HP: 22/26 MP: 1/7
   958 | D:4      | Learned a level 3 spell: Vampiric Draining
   962 | D:4      | Learned a level 3 spell: Regeneration
  1025 | D:4      | Reached skill level 3 in Spellcasting
  1025 | D:4      | Reached skill level 5 in Necromancy
  1025 | D:4      | Reached XP level 4. HP: 22/33 MP: 0/8
  1057 | D:4      | Found a glowing golden altar of the Shining One.
  1057 | D:4      | Found a white marble altar of Elyvilon.
  1057 | D:4      | Found a glowing silver altar of Zin.
  1101 | D:4      | Found an iron altar of Okawaru.
  1101 | D:4      | Found a shattered altar of Ashenzari.
  1135 | D:5      | Entered Level 5 of the Dungeon
  1154 | D:5      | Noticed an ogre
  1176 | D:5      | Killed an ogre
  1176 | D:5      | Reached XP level 5. HP: 38/38 MP: 1/10
  1261 | D:5      | Learned a level 1 spell: Animate Skeleton
  1269 | D:5      | Noticed a phantom
  1273 | D:5      | Reached skill level 6 in Necromancy
  1330 | D:5      | Killed a phantom
  1330 | D:5      | Reached XP level 6. HP: 17/45 MP: 8/11
  1362 | D:5      | Reached skill level 4 in Spellcasting
  1547 | D:3      | Found a shimmering altar of Xom.
  1751 | D:7      | Found a shadowy altar of Dithmenos.
  1751 | D:7      | Found a snail-covered altar of Cheibriados.
  1757 | D:7      | Became a worshipper of Cheibriados the Contemplative
  1811 | D:7      | Noticed an ice beast
  1818 | D:7      | Killed an ice beast
  1818 | D:7      | Reached skill level 7 in Necromancy
  1853 | D:7      | Your scales start taking on a golden yellow colour.
  1853 | D:7      | Reached XP level 7. HP: 13/50 MP: 0/13
  1942 | D:6      | HP: 2/51 [centaur zombie (6)]
  1943 | D:6      | Reached skill level 1 in Fighting
  1943 | D:6      | Reached skill level 2 in Dodging
  2000 | D:6      | Reached skill level 2 in Fighting
  2056 | D:6      | Reached * piety under Cheibriados
  2065 | D:6      | Reached skill level 3 in Dodging
  2075 | D:6      | HP: 2/56 [centaur/arrow (15)]
  2077 | D:6      | Slain by a centaur

Vault maps used:
D:1:      mrwooster_arrival_statue
D:3:      overflow_temple_1_default, lemuel_crystal_altar
D:4:      good_gods_mini_temple, gammafunk_temple_overflow_pools, first_bread,
          uniq_eustachio
D:5:      demons_altar, grunt_ministairs_2, hangedman_abyss_or_decor_lesser_grid
D:6:      nicolae_ossuary_entry_plus, minmay_guarded_unrand_vampires_tooth
D:7:      nicolae_gozag_seed_capital, grunt_temple_overflow_open,
          temple_doors_cd, st_stairs_7

Skill      XL: |  1  2  3  4  5  6  7 |
---------------+----------------------+-----
Spellcasting   | 3 4 |  4.3
Necromancy     | 5 6 7 |  7.3
Fighting       | 2 |  2.9
Dodging        | 3 |  3.1
Stealth        | |  1.7

Action                   |  1- 3 |  4- 6 |  7- 9 || total
-------------------------+-------+-------+-------++-------
Melee: Club              |     8 |    20 |       ||    28
       Unarmed           |     5 |     1 |       ||     6
       Tailslap          |     2 |     7 |     4 ||    13
       Dagger            |    11 |    25 |       ||    36
       Falchion          |       |    16 |    14 ||    30
       Short sword       |       |     1 |       ||     1
       Trident           |       |       |    28 ||    28
 Fire: Hunting sling     |     3 |    31 |       ||    34
Throw: Stone             |     2 |       |       ||     2
 Cast: Pain              |    52 |    33 |    19 ||   104
       Regeneration      |     1 |     1 |     5 ||     7
       Vampiric Draining |       |     9 |       ||     9
       Animate Skeleton  |       |     1 |     2 ||     3
 Abil: Breathe Acid      |       |       |     4 ||     4
  Use: Scroll            |       |     7 |       ||     7
       Potion            |       |     4 |     1 ||     5
 Stab: Sleeping          |       |     1 |       ||     1
  Eat: Chunk             |     2 |     2 |     2 ||     6
       Fruit             |       |     2 |       ||     2
Armor: Skin              |    13 |    17 |    21 ||    51
Dodge: Dodged            |    36 |    53 |    52 ||   141
       Rpst.: Falchion   |       |     5 |     3 ||     8

Table legend:
 A = Spawn XP
 B = Non-spawn XP
 C = Spawn XP percentage of total XP
 D = Spawn monster count
 E = Non-spawn monster count
 F = Spawn count percentage of total count
 G = Total turns spent on level
                    A         B        C        D         E        F      G
               +---------+---------+-------+---------+---------+-------+---------
         Total |       0 |    1156 |   0.0 |       0 |      61 |   0.0 |  2077
               +---------+---------+-------+---------+---------+-------+---------
           D:1 |       0 |      18 |   0.0 |       0 |       8 |   0.0 |   445
           D:2 |       0 |      10 |   0.0 |       0 |       5 |   0.0 |   249
           D:3 |       0 |      88 |   0.0 |       0 |      13 |   0.0 |   422
           D:4 |       0 |      82 |   0.0 |       0 |       5 |   0.0 |   265
           D:5 |       0 |     380 |   0.0 |       0 |      12 |   0.0 |   336
           D:6 |       0 |     400 |   0.0 |       0 |      15 |   0.0 |   226
           D:7 |       0 |     178 |   0.0 |       0 |       3 |   0.0 |   134
               +---------+---------+-------+---------+---------+-------+---------

Table legend:
 A = Turns spent in this place as a percentage of turns spent in the entire game.
 B = Non-inter-level travel turns spent in this place as a percentage of non-inter-level travel turns spent in the entire game.
 C = Inter-level travel turns spent in this place as a percentage of turns spent in this place.
 D = Turns resting spent in this place as a percentage of non-inter-level travel turns spent in this place.
 E = Turns spent auto-exploring this place as a percentage of non-inter-level travel turns spent in this place.
 F = Non-inter-level travel turns spent in this place divided by the number of levels of this place that you've seen.
                   A       B       C       D       E      F
               +-------+-------+-------+-------+-------+----------------------
         Total | 100.0 | 100.0 |   1.8 |   0.0 |   0.0 | 291.3
       Dungeon | 100.0 | 100.0 |   1.8 |   0.0 |   0.0 | 291.3
               +-------+-------+-------+-------+-------+----------------------

Table legend:
 A = Kills in this place as a percentage of kills in entire the game.
 B = Kills by you in this place as a percentage of kills by you in the entire game.
 C = Kills by friends in this place as a percentage of kills by friends in the entire game.
 D = Other kills in this place as a percentage of other kills in the entire game.
 E = Experience gained in this place as a percentage of experience gained in the entire game.
 F = Experience gained in this place divided by the number of levels of this place that you have seen.
                   A       B       C       D       E      F
               +-------+-------+-------+-------+-------+----------------------
         Total | 100.0 | 100.0 |   N/A |   N/A | 100.0 | 165.1
       Dungeon | 100.0 | 100.0 |   N/A |   N/A | 100.0 | 165.1
               +-------+-------+-------+-------+-------+----------------------

Vault maps used:
D:1:      mrwooster_arrival_statue
D:3:      overflow_temple_1_default, lemuel_crystal_altar
D:4:      good_gods_mini_temple, gammafunk_temple_overflow_pools, first_bread,
          uniq_eustachio
D:5:      demons_altar, grunt_ministairs_2, hangedman_abyss_or_decor_lesser_grid
D:6:      nicolae_ossuary_entry_plus, minmay_guarded_unrand_vampires_tooth
D:7:      nicolae_gozag_seed_capital, grunt_temple_overflow_open,
          temple_doors_cd, st_stairs_7
